 Dungeon Crawl Stone Soup version 0.29-a0-344-ge2f44be95a (webtiles) character file.

Game seed: 12764895426216413946

38335 Dauddaud the Severer (level 13, -15/116 HPs)
             Began as a Minotaur Berserker on Apr 22, 2022.
             Was an Elder of Trog.
             Demolished by Frances
             ... wielding a +0 dire flail
              (25 damage)
             ... on level 13 of the Dungeon.
             The game lasted 00:33:01 (13546 turns).

Dauddaud the Severer (Minotaur Berserker)          Turns: 13546, Time: 00:33:01

Health: -15/116    AC: 20    Str: 36    XL:     13   Next: 63%
Magic:  12/12      EV: 14    Int:  4    God:    Trog [****..]
Gold:   1133       SH:  0    Dex: 18    Spells: 12/12 levels left

rFire   x . .      SeeInvis .   a - +8 executioner's axe of Famine {vorpal, *Slow Will++}
rCold   . . .      Faith    .   (shield currently unavailable)
rNeg    . . .      Spirit   .   i - +2 chain mail {rPois}
rPois   +          Reflect  .   (helmet restricted)
rElec   .          Harm     .   z - +2 cloak of Soft Rains {Will+ Dex+8}
rCorr   .          Rampage  .   n - +0 pair of gloves
Will    ++++.                   A - +4 pair of boots "Obianem" {rF- Will+ Str+3 Slay+5}
Stlth   ..........              D - amulet of regeneration
HPRegen 1.09/turn               d - +6 ring of strength
MPRegen 0.13/turn               p - +4 ring of protection

@: corroded
A: horns 2, retaliatory headbutt
a: Renounce Religion, Berserk, Trog's Hand, Brothers in Arms


You were on level 13 of the Dungeon.
You worshipped Trog.
Trog was greatly pleased with you.
You visited 1 branch of the dungeon, and saw 13 of its levels.
You also visited: Bailey.

You collected 1133 gold pieces.

Inventory:

Hand Weapons
 a - the +8 executioner's axe of Famine (weapon) {vorpal, *Slow Will++}
   (Trog gifted it to you on level 10 of the Dungeon)

   It inflicts extra damage upon your enemies.
   *Slow:     It may slow you when you take damage.
   Will:      It greatly increases your willpower.
 R - a +2 vorpal battleaxe
Missiles
 M - a throwing net (quivered)
Armour
 i - a +2 chain mail of poison resistance (worn)
 n - a +0 pair of gloves (worn)
 z - the +2 cloak of Soft Rains (worn) {Will+ Dex+8}
   (You found it on level 12 of the Dungeon)

   Dex:       It affects your dexterity (+8).
   Will:      It increases your willpower.
 A - the +4 pair of boots "Obianem" (worn) {rF- Will+ Str+3 Slay+5}
   (You found it on level 5 of the Dungeon)

   Str:       It affects your strength (+3).
   Slay:      It affects your accuracy & damage with ranged weapons and melee
   (+5).
   rF:        It makes you vulnerable to fire.
   Will:      It increases your willpower.
 I - a +0 plate armour
Jewellery
 b - the ring "Wumaiv" {rC+ rN+ Stlth+}
   (You took it off a boggart on level 10 of the Dungeon)

   [ring of protection from cold]

   rC:        It protects you from cold.
   rN:        It protects you from negative energy.
   Stlth:     It makes you more stealthy.
 d - a +6 ring of strength (left hand)
 j - the ring "Weegg" {+Blink rN+ Will+}
   (You took it off a centaur warrior on level 10 of the Dungeon)

   [ring of willpower]

   rN:        It protects you from negative energy.
   +Blink:    It lets you blink.
   Will:      It increases your willpower.
 l - the ring "Zutty" {Fly rF+ rC++ Will+ Int+4}
   (You took it off an ogre mage on level 10 of the Dungeon)

   [ring of flight]

   Int:       It affects your intelligence (+4).
   rF:        It protects you from fire.
   rC:        It greatly protects you from cold.
   Fly:       It grants you flight.
   Will:      It increases your willpower.
 m - the ring "Detoy" {rF- rCorr Int+7}
   (You took it off a centaur warrior on level 10 of the Dungeon)

   [ring of resist corrosion]

   Int:       It affects your intelligence (+7).
   rF:        It makes you vulnerable to fire.
   rCorr:     It protects you from acid and corrosion.
 p - a +4 ring of protection (right hand)
 D - an amulet of regeneration (around neck)
Wands
 y - a wand of paralysis (12)
 E - a wand of iceblast (8)
 O - a wand of polymorph (3)
Scrolls
 c - 4 scrolls of enchant weapon
 f - 2 scrolls of holy word {unknown}
 h - 2 scrolls of fog
 k - 5 scrolls of vulnerability
 s - a scroll of acquirement
 t - 3 scrolls of teleportation
 u - 3 scrolls of noise
 B - 4 scrolls of blinking
 F - 2 scrolls of summoning
 G - 3 scrolls of magic mapping {unknown}
 J - a scroll of torment {unknown}
 W - a scroll of brand weapon
 Z - 2 scrolls of fear
Potions
 e - 2 potions of resistance {unknown}
 g - 3 potions of might
 o - 3 potions of heal wounds
 q - 2 potions of lignification {unknown}
 r - 8 potions of curing
 v - a potion of mutation {unknown}
 w - a potion of experience {unknown}
 x - a potion of brilliance {unknown}
 C - 5 potions of flight {unknown}
 H - a potion of invisibility {unknown}
 N - 3 potions of attraction {unknown}
 P - 4 potions of magic {unknown}
 S - 3 potions of degeneration {unknown}
 T - 2 potions of berserk rage {unknown}
 X - a potion of haste {unknown}
Miscellaneous
 L - a phial of floods
 V - a lightning rod (4/4)
 Y - a box of beasts


   Skills:
 - Level 11.4 Fighting
 * Level 19.8 Axes
 - Level 11.2 Armour
 - Level 7.4 Dodging
 + Level 8.3 Evocations


You had 12 spell levels left.
You didn't know any spells.
Your spell library was empty.

Dungeon Overview and Level Annotations

Branches:
Dungeon (13/15)            Temple (0/1) D:6            Lair (0/6) D:8
    Orc (0/2) D:11         Bailey (visited)
 Vaults: D:13-14

Altars:
Wu Jian

Annotations:
D:13 Frances


Innate Abilities, Weirdness & Mutations

You have a pair of horns on your head.
You reflexively headbutt those who attack you in melee.


Message History

The sun demon closely misses you. The kobold misses you.
The white imp gestures at you. The puff of frost misses you.
The puff of frost hits the sun demon.
The sun demon is frozen!
There is a stone staircase leading up here.
The sun demon hits you but does no damage.
The sun demon completely misses you. You furiously retaliate!
You headbutt the sun demon!
You climb upwards.
There is a stone staircase leading down, spattered with blood here.
You climb downwards.
Level annotation: Frances The rust devil closely misses you.
The sun demon hits you but does no damage.
Frances howls an indescribable curse.
The rust devil hits you. The rust devil corrodes you!
There is a stone staircase leading up here.
You carve the kobold like a ham!!!
You kill the kobold!
Trog accepts your kill.
You barely miss the white imp. You closely miss the sun demon.
You slice the rust devil!!
The sun demon hits you but does no damage.
The white imp gestures at you.
The puff of frost hits you but does no damage.
Frances mutters in a terrible tongue.
The shard of ice hits you!!!
You closely miss the white imp. You hit the rust devil.
You slice the sun demon!! The sun demon hits you!
You are engulfed in flames!!
The fire burns you terribly! The rust devil closely misses you.
You furiously retaliate!
You headbutt the rust devil!
The white imp hits you but does no damage.
The sun demon hits you!
* * * LOW HITPOINT WARNING * * *
You are engulfed in flames!!
The fire burns you terribly!
* * * LOW HITPOINT WARNING * * *
The rust devil hits you.
* * * LOW HITPOINT WARNING * * *
The rust devil corrodes you! Frances hits you with a +0 dire flail!!
You die...

.....###...#...#....# #.....#
.).....##..##.......###.....#
..........## ##....##......##
###.......####.....#.......#
........#...##.............##
.......##.........#.........##
.......###..(.....##.........##
.##....###.###..((.#4.........#
###........###.(@@..........:.#
.##........#...534............#
.......###..........#........##
.#####.............##...........#
.# ###....[.)......###...........
...#.......).......# #...........
...#...)(..........# ##.........[
................................#
......)............###..........#


You could see Frances (fast), a sun demon (summoned), a rust devil (summoned), a
chaos spawn (summoned) and a white imp.

Vanquished Creatures
  The ghost of Sekuso the Slicer, a journeyman FoAr of Makhleb (D:10)
  Snorg (D:11)
  A hydra (D:12)
  3 boulder beetles
  4 centaur warriors
  10 two-headed ogres
  A catoblepas (D:13)
  An ogre mage (D:10)
  A death yak (D:8)
  2 deep elf pyromancers (D:12)
  2 orc knights
  3 cyclopes
  A manticore (D:11)
  5 ugly things
  Maurice (D:13)
  A gargoyle (D:10)
  4 demonic crawlers (D:13)
  2 komodo dragons
  An unseen horror (D:10)
  2 tengu conjurers (D:13)
  A freezing wraith (D:10)
  9 trolls
  A polar bear (D:8)
  A tarantella (shapeshifter) (D:13)
  A hornet (D:10)
  Prince Ribbit (D:5)
  16 slime creatures
  3 shadows
  3 wyverns
  2 wraiths (D:10)
  A vampire (D:11)
  2 basilisks
  4 yaks (D:8)
  Eustachio (D:5)
  10 vampire mosquitoes
  A steam dragon (D:10)
  Edmund (D:6)
  Menkaure (D:6)
  An acid dragon (D:10)
  A water moccasin (D:7)
  3 black bears
  7 orc warriors
  2 ice beasts
  2 sky beasts (D:7)
  An ogre (D:7)
  A boggart (D:10)
  7 centaurs
  A phantom (D:6)
  14 kobold brigands
  A gnoll sergeant (D:10)
  A necrophage (D:5)
  2 bullfrogs (D:7)
  6 scorpions
  8 wights
  8 killer bees
  10 howler monkeys
  6 hounds
  2 jellies
  13 orc priests
  A gnoll shaman (D:8)
  4 iguanas
  10 orc wizards
  A hell rat (D:7)
  A centaur simulacrum (D:8)
  A killer bee simulacrum (D:8)
  5 gnolls (D:8)
  6 river rats (D:7)
  3 adders
  6 white imps
  3 ufetubi
  53 orcs
  3 endoplasms
  5 giant cockroaches
  5 goblins
  5 hobgoblins
  14 quokkas
  A ball python (D:3)
  5 bats
  A frilled lizard (D:3)
  27 kobolds
  20 rats
383 creatures vanquished.

Vanquished Creatures (collateral kills)
  A centaur warrior (D:10)
1 creature vanquished.

Vanquished Creatures (others)
  An orc wizard (D:10)
  A bush (D:13)
  2 fungi (D:8)
  9 plants
13 creatures vanquished.

Grand Total: 397 creatures vanquished

Notes
Turn   | Place    | Note
-------+----------+-------------------------------------------
     0 | D:1      | Dauddaud the Minotaur Berserker began the quest for the
                  | Orb.
     0 | D:1      | Reached XP level 1. HP: 19/19 MP: 0/0
   157 | D:1      | Reached skill level 4 in Axes
   231 | D:1      | Found a faded altar of an unknown god.
   534 | D:1      | Reached XP level 2. HP: 15/26 MP: 1/1
  1650 | D:3      | Reached skill level 5 in Axes
  1834 | D:3      | Reached XP level 3. HP: 31/31 MP: 2/2
  2195 | D:3      | Reached XP level 4. HP: 39/39 MP: 3/3
  2329 | D:3      | Reached skill level 6 in Axes
  2513 | D:4      | Reached ** piety under Trog
  3089 | D:4      | Found an ornate altar of the Wu Jian Council.
  3301 | D:4      | Identified a scroll of acquirement
  3321 | D:5      | Entered Level 5 of the Dungeon
  3337 | D:5      | Reached XP level 5. HP: 24/45 MP: 4/4
  3340 | D:5      | Noticed a black bear
  3343 | D:5      | Reached skill level 7 in Axes
  3794 | D:5      | Killed a black bear
  3795 | D:5      | Reached skill level 8 in Axes
  3860 | D:5      | Reached XP level 6. HP: 51/51 MP: 5/5
  3946 | D:5      | Noticed Eustachio
  4051 | D:5      | Reached skill level 9 in Axes
  4198 | D:5      | Killed Eustachio
  4199 | D:5      | Reached XP level 7. HP: 52/57 MP: 6/6
  4218 | D:5      | Reached skill level 10 in Axes
  4346 | D:5      | Noticed Prince Ribbit
  4375 | D:5      | Killed Prince Ribbit
  4376 | D:5      | Reached skill level 11 in Axes
  4572 | D:5      | Identified the +4 pair of boots "Obianem" {rF- Will+ Str+3
                  | Slay+5}
  4820 | D:5      | You fall into a shaft and drop 1 floor!
  4833 | D:6      | Reached XP level 8. HP: 55/64 MP: 7/7
  4833 | D:6      | Reached *** piety under Trog
  4920 | D:6      | Noticed Edmund
  4930 | D:6      | Killed Edmund
  4931 | D:6      | Reached skill level 12 in Axes
  5036 | D:6      | Noticed a komodo dragon
  5049 | D:6      | Killed a komodo dragon
  5050 | D:6      | Reached skill level 13 in Axes
  5240 | D:6      | Found a staircase to the Ecumenical Temple.
  5261 | D:6      | Noticed Menkaure
  5266 | D:6      | Killed Menkaure
  5267 | D:6      | Reached skill level 14 in Axes
  5369 | D:6      | Reached XP level 9. HP: 70/70 MP: 8/8
  5866 | D:7      | Reached **** piety under Trog
  5869 | D:7      | Reached skill level 15 in Axes
  6230 | D:7      | Reached skill level 16 in Axes
  6649 | D:8      | Noticed a polar bear
  6660 | D:8      | Killed a polar bear
  6661 | D:8      | Reached skill level 1 in Evocations
  6680 | D:8      | Noticed a death yak
  6685 | D:8      | Reached skill level 5 in Fighting
  6830 | D:8      | Reached XP level 10. HP: 76/81 MP: 9/9
  7038 | D:8      | Killed a death yak
  7039 | D:8      | Reached skill level 5 in Armour
  7129 | D:8      | Found a flagged portal.
  7138 | Bailey   | Entered a bailey
  7287 | Bailey   | Noticed an orc knight
  7308 | Bailey   | Killed an orc knight
  7503 | Bailey   | Identified the +1 ring mail of Happy Babbling {Will+
                  | Stlth+}
  7516 | Bailey   | Found a bloodstained altar of Trog.
  7899 | D:8      | Found a staircase to the Lair.
  8408 | D:9      | Noticed a two-headed ogre
  8480 | D:9      | Noticed a two-headed ogre
  8488 | D:8      | Killed a two-headed ogre
  8698 | D:9      | Killed a two-headed ogre
  8699 | D:9      | Reached skill level 5 in Dodging
  8699 | D:9      | Reached XP level 11. HP: 67/94 MP: 10/10
  9445 | D:10     | Entered Level 10 of the Dungeon
  9505 | D:10     | Reached ***** piety under Trog
  9536 | D:10     | Found a runed translucent door.
  9539 | D:10     | Found a runed translucent door.
  9539 | D:10     | Noticed an orc knight
  9701 | D:10     | Noticed a two-headed ogre
  9702 | D:10     | Found a runed translucent gate.
  9705 | D:10     | Killed a two-headed ogre
  9758 | D:10     | Found a runed translucent gate.
  9880 | D:10     | Found a runed translucent gate.
  9880 | D:10     | Noticed Sekuso's ghost (journeyman FoAr)
 10159 | D:10     | Killed Sekuso's ghost
 10228 | D:10     | Killed an orc knight
 10327 | D:10     | Noticed a two-headed ogre
 10335 | D:10     | Killed a two-headed ogre
 10417 | D:10     | Noticed a two-headed ogre
 10422 | D:10     | Killed a two-headed ogre
 10600 | D:10     | Noticed a two-headed ogre
 10607 | D:10     | Killed a two-headed ogre
 10770 | D:10     | Noticed a two-headed ogre
 10773 | D:10     | Killed a two-headed ogre
 10774 | D:10     | Reached skill level 10 in Fighting
 10781 | D:10     | Identified the +8 executioner's axe of Famine {vorpal,
                  | *Slow Will++} (Trog gifted it to you on level 10 of the
                  | Dungeon)
 10781 | D:10     | Received a gift from Trog
 10833 | D:10     | Found a runed translucent door.
 10833 | D:10     | Found a runed translucent door.
 10833 | D:10     | Noticed a two-headed ogre
 10834 | D:10     | Noticed a centaur warrior
 10835 | D:10     | Found a runed translucent door.
 10835 | D:10     | Noticed a boulder beetle
 10835 | D:10     | Noticed a two-headed ogre
 10969 | D:10     | Killed a centaur warrior
 10970 | D:10     | Reached skill level 5 in Evocations
 10970 | D:10     | Reached XP level 12. HP: 101/106 MP: 11/11
 10976 | D:10     | Paralysed by a hornet for 1 turns
 10979 | D:10     | Reached skill level 10 in Armour
 10983 | D:10     | Killed a two-headed ogre
 10988 | D:10     | Killed a two-headed ogre
 11013 | D:10     | Killed a boulder beetle
 11236 | D:10     | Noticed a boulder beetle
 11241 | D:10     | Identified the ring "Zutty" {Fly rF+ rC++ Will+ Int+4}
 11241 | D:10     | Noticed an ogre mage
 11249 | D:10     | Killed an ogre mage
 11250 | D:10     | Reached skill level 17 in Axes
 11250 | D:10     | Killed a boulder beetle
 11253 | D:10     | Identified the ring "Detoy" {rF- rCorr Int+7}
 11253 | D:10     | Noticed a centaur warrior
 11256 | D:10     | Identified the ring "Weegg" {+Blink rN+ Will+}
 11256 | D:10     | Noticed a centaur warrior
 11259 | D:10     | Killed a centaur warrior
 11262 | D:10     | Killed a centaur warrior
 11262 | D:10     | Identified the ring "Wumaiv" {rC+ rN+ Stlth+}
 11753 | D:11     | Noticed Snorg
 11758 | D:11     | Killed Snorg
 12159 | D:11     | Found a staircase to the Orcish Mines.
 12538 | D:12     | Identified the +2 cloak of Soft Rains {Will+ Dex+8}
 12618 | D:12     | Reached skill level 18 in Axes
 12798 | D:12     | Reached XP level 13. HP: 116/116 MP: 12/12
 13133 | D:13     | Reached skill level 19 in Axes
 13214 | D:13     | Noticed Maurice
 13222 | D:13     | Killed Maurice
 13522 | D:13     | Noticed Frances
 13546 | D:13     | Demolished by Frances

Illustrated notes

Levels and vault maps discovered:
D:1:      ncdulo_watergridlock, layout_basic,
          hellmonk_ecumenical_altar_pennies_from_heaven
D:2:      layout_basic
D:3:      layout_loops_ring
D:4:      cheibrodos_quashed, layout_loops_ring,
          nicolae_wu_jian_immortal_techniques
D:5:      layout_gridville, uniq_prince_ribbit1, uniq_eustachio
D:6:      layout_cave_pools, minmay_temple_entry_grid, uniq_menkaure,
          uniq_edmund
D:7:      lemuel_ratsnest, layout_basic, kennysheep_generic_room_14
D:8:      layout_loops_cross, dpeg_oklobed_lair, serial_ice, serial_ice_o,
          serial_ice_c, serial_ice_g, serial_ice_n, enter_bailey_8,
          grunt_decor_junction
D:9:      layout_cave_pools
D:10:     minmay_the_grid_triangle_9x9_rhombus_full
          [minmay_the_grid_triangle_9x9_shrine,
          minmay_the_grid_triangle_9x9_semitri,
          minmay_the_grid_triangle_9x9_tough_junction,
          minmay_the_grid_triangle_9x9_steps,
          minmay_the_grid_triangle_9x9_flanged_cone,
          minmay_the_grid_triangle_9x9_fully_insulated_deathbox,
          minmay_the_grid_triangle_9x9_thin_v,
          minmay_the_grid_triangle_9x9_prize_special], layout_long_grid,
          gammafunk_ghost_spectres
D:11:     layout_basic, hiddenorc1_lemuel, chequers_garden, uniq_snorg
D:12:     layout_long_grid
D:13:     kennysheep_kobold_grotto, layout_cave_pools,
          einodemon_crawler_minivault, uniq_urug, uniq_maurice, uniq_frances

Skill      XL: |  1  2  3  4  5  6  7  8  9 10 11 12 13 |
---------------+----------------------------------------+-----
Axes           | 4 5 6 8 9 11 14 16 18 19 | 19.8
Fighting       | 5 8 10 11 | 11.4
Armour         | 4 7 9 11 | 11.2
Evocations     | 1 3 5 6 8 |  8.3
Dodging        | 3 5 6 7 |  7.4

Action                   |  1- 3 |  4- 6 |  7- 9 | 10-12 | 13-15 || total
-------------------------+-------+-------+-------+-------+-------++-------
Melee: Hand axe          |    51 |       |       |       |       ||    51
       Headbutt          |    10 |    10 |    27 |    49 |    25 ||   121
       War axe           |    48 |    76 |   177 |    59 |       ||   360
       Punch             |       |     1 |     1 |     2 |       ||     4
       Broad axe         |       |       |       |    36 |       ||    36
       Battleaxe         |       |       |       |   105 |       ||   105
       Executioner's axe |       |       |       |    95 |    88 ||   183
Invok: Berserk           |       |     1 |     1 |     5 |     1 ||     8
       Trog's Hand       |       |     1 |     2 |     3 |     1 ||     7
       Brothers in Arms  |       |       |       |     2 |       ||     2
  Use: Scroll            |       |     5 |     1 |     3 |     2 ||    11
       Potion            |       |       |       |     2 |       ||     2
Armor: Animal skin       |    13 |       |       |       |       ||    13
       Chain mail        |    22 |    55 |    71 |   135 |    89 ||   372
Dodge: Dodged            |    54 |    60 |    70 |   156 |   110 ||   450

Table legend: (Time is in decaauts)
 A = Elapsed time spent in this place.
 B = Non-inter-level travel time spent in this place.
 C = Inter-level travel time spent in this place.
 D = Time resting spent in this place.
 E = Time spent auto-exploring this place.
 F = Levels seen in this place.
 G = Mean time per level.
                   A        B        C        D        E       F      G
               +--------+--------+--------+--------+--------+-----+--------+
         Total |  13609 |  13130 |    479 |   3300 |   7665 |  14 |  972.1 |
       Dungeon |  13163 |  12684 |    479 |   3089 |   7605 |  13 | 1012.5 |
        Bailey |    446 |    446 |      0 |    211 |     60 |   1 |  446.0 |
               +--------+--------+--------+--------+--------+-----+--------+

Top non-repeatable levels by time:
    D:10: 2286 daAuts
     D:8: 1751 daAuts
     D:4: 1397 daAuts
     D:5: 1249 daAuts
     D:7: 1060 daAuts
     D:1: 863 daAuts
     D:2: 773 daAuts
     D:3: 758 daAuts
    D:11: 736 daAuts
     D:6: 707 daAuts
    D:12: 663 daAuts
     D:9: 478 daAuts
  Bailey: 446 daAuts
    D:13: 436 daAuts
